 Dungeon Crawl Stone Soup version 0.22-a0-580-gd5db89c (webtiles) character file.

19866 sking99 the Grappler (level 12, -4/113 HPs)
             Began as a Troll Monk on July 3, 2018.
             Was a High Priest of Elyvilon.
             Slain by an eight-headed hydra (12 damage)
             ... on level 5 of the Lair of Beasts.
             The game lasted 00:27:30 (12009 turns).

sking99 the Grappler (Troll Monk)                  Turns: 12009, Time: 00:27:31

Health: -4/113     AC: 12    Str: 22    XL:     12   Next: 40%
Magic:  16/18      EV: 11    Int:  6    God:    Elyvilon [*****.]
Gold:   981        SH:  0    Dex: 22    Spells: 11/11 levels left

rFire    . . .     SeeInvis .   J - +9 quarterstaff of Gallantry {crush, Dex+3}
rCold    + + .     Gourm    +   (shield currently unavailable)
rNeg     . . .     Faith    .   v - +0 steam dragon scales
rPois    .         Spirit   .   L - +1 hat
rElec    +         Reflect  .   (no cloak)
rCorr    .         Harm     .   (gloves unavailable)
MR       +....                  (boots unavailable)
Stlth    ++........             A - amulet of Yskocac {+Rage rElec rC++ MR+}
HPRegen  0.68/turn              o - +3 ring of dexterity
MPRegen  0.16/turn              i - +3 ring of protection

@: very slightly contaminated, invisible
A: large, unfitting armour, claws 3, fast metabolism 3, gourmand, regeneration
1, shaggy fur 1, tough skin 2
a: Lesser Healing, Heal Other, Purification, Greater Healing, Divine Vigour,
Divine Protection, Renounce Religion, Evoke Berserk Rage


You were on level 5 of the Lair of Beasts.
You worshipped Elyvilon.
Elyvilon was extremely pleased with you.
You were very full.

You visited 3 branches of the dungeon, and saw 19 of its levels.

You collected 1117 gold pieces.
You spent 136 gold pieces at shops.

Inventory:

Hand Weapons
 J - the +9 quarterstaff of Gallantry (weapon) {crush, Dex+3}
   (You found it on level 11 of the Dungeon)

   It inflicts extra damage upon your enemies.
   It affects your dexterity (+3).
Armour
 s - a +0 large shield
 v - +0 steam dragon scales (worn)
 z - the +1 robe "Qoum" {rN++ Regen+ Str-4 SInv}
   (You found it on level 6 of the Dungeon)

   It affects your strength (-4).
   It greatly protects you from negative energy.
   It lets you see invisible.
   It increases your rate of regeneration.
 L - a +1 hat (worn)
Jewellery
 f - an uncursed ring of protection from magic
 g - an uncursed ring of resist corrosion
 i - a +3 ring of protection (right claw)
 j - a +5 ring of intelligence
 m - an uncursed ring of see invisible
 o - a +3 ring of dexterity (left claw)
 A - the amulet of Yskocac (around neck) {+Rage rElec rC++ MR+}
   (You found it on level 7 of the Dungeon)

   [amulet of rage]

   It greatly protects you from cold.
   It insulates you from electricity.
   It affects your resistance to hostile enchantments.
   It lets you go berserk.
 E - an uncursed ring of flight
 O - an uncursed ring of protection from cold
 P - a +2 ring of evasion
Wands
 n - a wand of digging (22)
 y - a wand of flame (47)
 F - a wand of acid (12)
 G - a wand of paralysis (28)
 I - a wand of iceblast (8)
Scrolls
 d - 4 scrolls of teleportation
 p - 6 scrolls of remove curse
 t - a scroll of amnesia
 u - 5 scrolls of enchant armour
 x - a scroll of silence
 B - 3 scrolls of magic mapping
 D - a scroll of blinking
 K - 5 scrolls of enchant weapon
 M - 2 scrolls of immolation
Potions
 a - a potion of magic
 c - 7 potions of curing
 e - 4 potions of resistance
 h - a potion of haste
 k - 2 potions of agility
 l - 3 potions of heal wounds
 q - a potion of berserk rage
 r - 2 potions of degeneration
 w - a potion of flight
 C - 2 potions of brilliance
 H - 2 potions of mutation
 R - a potion of lignification
 S - a potion of ambrosia
Comestibles
 b - 35 rations
 Q - 3 chunks of flesh


   Skills:
 - Level 5.9 Fighting
 - Level 2.4 Dodging
 - Level 1.0 Stealth
 + Level 9.8 Shields
 - Level 12.1 Unarmed Combat
 + Level 9.9 Invocations


You had 11 spell levels left.
You didn't know any spells.
Your spell library contained the following spells:

 Spells                   Type           Power        Failure   Level  Hunger
 Spider Form              Tmut/Pois      #.........   83%         3    ####...
 Blade Hands              Tmut           #.........   100%        5    ######.
 Ice Form                 Ice/Tmut       #.......     99%         4    #####..
 Sticks to Snakes         Tmut           #.......     58%         2    ###....
 Beastly Appendage        Tmut           #.....       45%         1    ##.....


Dungeon Overview and Level Annotations

Branches:
Dungeon (13/15)            Temple (1/1) D:5            Lair (5/6) D:9
  Slime (0/5) Lair:5
  Swamp: Lair:2-4    Shoals: Lair:2-4     Snake: Lair:2-4    Spider: Lair:2-4
    Orc: D:9-12      Vaults: D:13-14

Altars:
Ashenzari
Cheibriados
Dithmenos
Elyvilon
Fedhas
Gozag
Hepliaklqana
Kikubaaqudgha
Makhleb
Nemelex Xobeh
Okawaru
Qazlal
Ru
Sif Muna
Trog
Uskayaw
Vehumet
Wu Jian
Xom
Yredelemnul
Zin
The Shining One

Shops:
D:8 (   D:10 }   D:11 *%!


Innate Abilities, Weirdness & Mutations

You are too large for most types of armour.
You have claws for hands.
Your metabolism is lightning-fast.
You like to eat raw meat.
Your natural rate of healing is unusually fast.
You are covered in fur. (AC +1)
You have very tough skin. (AC +2)


Message History

* * * LOW HITPOINT WARNING * * *
The eight-headed hydra bites you but does no damage.
The eight-headed hydra bites you!
* * * LOW HITPOINT WARNING * * *
The eight-headed hydra bites you but does no damage.
The eight-headed hydra barely misses you.
You are very lightly contaminated with residual magic.
A six-headed hydra comes into view.
The eight-headed hydra roars!
You hear a roar!
You see here a hippogriff corpse.
You are healed.
You feel quite a bit less full. The eight-headed hydra bites you!
* * * LOW HITPOINT WARNING * * *
The eight-headed hydra bites you.
* * * LOW HITPOINT WARNING * * *
The eight-headed hydra bites you but does no damage.
The eight-headed hydra bites you!
* * * LOW HITPOINT WARNING * * *
The eight-headed hydra bites you!
You die...

,,,..........#...#P...,,,*
,,,................P.,,,**
,,,..#..........P..#*,***
,,>.............#.##***
,,_).............#*
*,,......###....P#
,,,......###.....#
,,,.....DP#.....##
,,,.............@#
,,,...#.....#P.D.##
,,,...#....##.....##
,,,,,............#.#
,,,...............##
,,,.......#.......<#####
,,,.....##............P#* ***
,,,.....*#.#.....(.....P#****,*
,,,,,,,,*##.............#,,,,****


You could see an eight-headed hydra.

Vanquished Creatures
  Gastronok (D:11)
  4 two-headed ogres
  2 unseen horrors
  Pikel (D:4)
  3 ugly things
  A black mamba (Lair:4)
  Joseph (D:7)
  A gargoyle (D:10)
  A spiny frog (Lair:2)
  A freezing wraith (D:12)
  2 komodo dragons
  3 trolls
  2 polar bears
  Grinder (D:3)
  3 hippogriffs
  Sigmund (D:2)
  Eustachio (D:4)
  9 yaks
  A steam dragon (D:9)
  2 hungry ghosts
  7 water moccasins
  Edmund (D:4)
  2 porcupines
  4 ice beasts
  3 orc warriors
  4 sky beasts
  2 eyes of draining
  A black bear (D:9)
  A necrophage (D:11)
  6 ogres
  A wolf (Lair:4)
  7 centaurs
  2 big kobolds
  11 bullfrogs
  2 gnoll sergeants
  3 scorpions
  3 killer bees (D:10)
  10 crimson imps
  3 centaur zombies
  3 jellies
  A quasit (D:8)
  2 centaur skeletons (D:5)
  7 orc priests
  8 hounds
  3 bullfrog skeletons
  9 iguanas
  16 orc wizards
  6 worker ants
  2 hound zombies
  3 hound skeletons
  A howler monkey zombie (D:7)
  A worker ant zombie (D:6)
  7 gnolls
  8 adders
  4 shadow imps
  An ooze (D:3)
  2 adder zombies
  An adder skeleton (D:6)
  3 worms
  4 dart slugs
  10 leopard geckos
  42 orcs
  A ball python (D:2)
  14 bats
  7 giant cockroaches
  9 goblins
  7 hobgoblins
  15 jackals
  9 kobolds
  5 quokkas
  8 frilled lizards
  A giant cockroach zombie (D:6)
  A leopard gecko skeleton (D:5)
  A leopard gecko zombie (D:6)
  A quokka skeleton (D:9)
  A quokka zombie (D:9)
  12 rats
350 creatures vanquished.

Vanquished Creatures (others)
  A fungus (Lair:5)
1 creature vanquished.

Grand Total: 351 creatures vanquished

Notes
Turn   | Place    | Note
-------+----------+-------------------------------------------
     0 | D:1      | sking99 the Troll Monk began the quest for the Orb.
     0 | D:1      | Reached XP level 1. HP: 22/22 MP: 0/0
    46 | D:1      | Reached XP level 2. HP: 29/29 MP: 1/1
   397 | D:1      | Reached XP level 3. HP: 36/36 MP: 2/2
   575 | D:1      | Reached skill level 4 in Unarmed Combat
  1121 | D:2      | Reached XP level 4. HP: 44/45 MP: 3/3
  1268 | D:2      | Noticed Sigmund
  1281 | D:2      | Killed Sigmund
  1281 | D:2      | Reached skill level 5 in Unarmed Combat
  1281 | D:2      | Reached XP level 5. HP: 33/54 MP: 4/4
  1281 | D:2      | Reached XP level 6. HP: 38/62 MP: 5/5
  1702 | D:2      | Reached skill level 6 in Unarmed Combat
  1834 | D:3      | Found a snail-covered altar of Cheibriados.
  1943 | D:3      | Noticed Grinder
  2094 | D:3      | Killed Grinder
  2094 | D:3      | Reached skill level 7 in Unarmed Combat
  2094 | D:3      | Reached XP level 7. HP: 62/71 MP: 6/6
  2144 | D:3      | Found a burning altar of Makhleb.
  2181 | D:3      | Found a radiant altar of Vehumet.
  2526 | D:4      | Noticed Eustachio
  2531 | D:4      | Killed Eustachio
  2654 | D:4      | Noticed Edmund
  2655 | D:4      | Noticed Pikel
  2677 | D:4      | Killed Pikel
  2677 | D:4      | Reached skill level 5 in Fighting
  2677 | D:4      | Reached skill level 9 in Unarmed Combat
  2677 | D:4      | Reached XP level 8. HP: 70/81 MP: 7/7
  2681 | D:4      | Killed Edmund
  3213 | D:5      | Entered Level 5 of the Dungeon
  3451 | D:5      | Reached skill level 10 in Unarmed Combat
  3533 | D:5      | Reached skill level 1 in Shields
  3534 | D:5      | Reached XP level 9. HP: 89/89 MP: 8/8
  3621 | D:5      | Found a staircase to the Ecumenical Temple.
  3627 | Temple   | Entered the Ecumenical Temple
  3862 | Temple   | Became a worshipper of Elyvilon the Healer
  3862 | Temple   | Reached * piety under Elyvilon
  3862 | Temple   | Reached ** piety under Elyvilon
  4727 | D:6      | Got a steaming robe
  4739 | D:6      | Identified the cursed +1 robe "Qoum" {rN++ Regen+ Str-4 SInv} (You found it on level 6 of the Dungeon)
  5184 | D:6      | Reached skill level 11 in Unarmed Combat
  5313 | D:6      | Found an iron altar of Okawaru.
  5627 | D:7      | Reached *** piety under Elyvilon
  5759 | D:7      | Got a translucent jade amulet
  5760 | D:7      | Identified the amulet of Yskocac {+Rage rElec rC++ MR+} (You found it on level 7 of the Dungeon)
  5786 | D:7      | Noticed Joseph
  5789 | D:7      | Noticed a dagger
  5790 | D:7      | Noticed a hand axe
  5801 | D:7      | Killed Joseph
  5801 | D:7      | Reached skill level 1 in Invocations
  5870 | D:7      | Found a hide-covered altar of Uskayaw.
  6177 | D:7      | Found a shattered altar of Ashenzari.
  6177 | D:7      | Found an ornate altar of the Wu Jian Council.
  6591 | D:7      | Reached XP level 10. HP: 94/98 MP: 10/10
  6748 | D:8      | Reached **** piety under Elyvilon
  6750 | D:8      | Noticed a two-headed ogre
  6758 | D:8      | Killed a two-headed ogre
  6758 | D:8      | Reached skill level 12 in Unarmed Combat
  7089 | D:8      | Found Osabbes's Antique Weapon Emporium.
  7206 | D:8      | Reached skill level 5 in Shields
  7675 | D:9      | Reached ***** piety under Elyvilon
  7774 | D:9      | Noticed a two-headed ogre
  7802 | D:9      | Killed a two-headed ogre
  7802 | D:9      | Reached skill level 5 in Invocations
  8344 | D:9      | Reached XP level 11. HP: 99/105 MP: 14/14
  8385 | D:9      | Found a staircase to the Lair.
  8491 | D:9      | Found a deep blue altar of Sif Muna.
  8816 | D:10     | Entered Level 10 of the Dungeon
  8934 | D:10     | Got a slimy dagger {flame}
  8935 | D:10     | Identified the +7 dagger "Qeapax" {flame, +Inv Str+3 Int+6 Dex-5} (You took it off an orc on level 10 of the Dungeon)
  9202 | D:10     | Noticed an unseen horror
  9215 | D:10     | Killed an unseen horror
  9502 | D:10     | You fall through a shaft for 3 floors!
  9569 | D:12     | Noticed a red ugly thing
  9588 | D:12     | Killed a red ugly thing
  9713 | D:11     | Found a stormy altar of Qazlal.
  9746 | D:11     | Noticed Gastronok
  9771 | D:11     | Killed Gastronok
  9809 | D:11     | Noticed a purple ugly thing
  9815 | D:11     | Killed a purple ugly thing
  9888 | D:10     | Noticed a two-headed ogre
  9896 | D:10     | Killed a two-headed ogre
 10028 | D:10     | Found Cerepucw's Gadget Shoppe.
 10288 | D:11     | Found Doptyh's General Store.
 10338 | D:11     | Noticed a two-headed ogre
 10345 | D:11     | Killed a two-headed ogre
 10392 | D:11     | Noticed an unseen horror
 10400 | D:11     | Killed an unseen horror
 10400 | D:11     | Reached XP level 12. HP: 81/113 MP: 17/17
 10471 | D:11     | Got an ancient quarterstaff
 10840 | D:11     | Found Pafuu's Distillery.
 10845 | D:11     | Bought a potion of ambrosia for 136 gold pieces
 10869 | D:11     | Found Himm's Food Shoppe.
 11069 | Lair:1   | Entered Level 1 of the Lair of Beasts
 11146 | Lair:2   | Identified the +9 quarterstaff of Gallantry {crush, Dex+3} (You found it on level 11 of the Dungeon)
 11413 | Lair:4   | Found an iron altar of Okawaru.
 11767 | Lair:5   | Noticed an eight-headed hydra
 12006 | Lair:5   | Noticed a six-headed hydra
 12009 | Lair:5   | Slain by an eight-headed hydra

Vault maps used:
D:1:      lightli_arrival_isolated_outpost, serial_curves, eino_curves_03,
          eino_curves_01, eino_curves_01
D:2:      serial_co_window_serial, co_window_paths_a, co_window_paths_b,
          co_window_corner_a, co_window_of_opportunity_a,
          co_window_of_opportunity_a, co_window_corner_a, co_window_paths_b,
          co_window_cross_3, co_window_unsneaky_path_b,
          co_window_unsneaky_path_a, co_window_corner_b, co_window_corner_cb,
          co_window_2corner, co_window_2corner, glass_columns_c,
          glass_columns_a, glass_columns_a, glass_columns_a, glass_columns_a,
          st_stairs_3, grunt_ministairs_10, uniq_sigmund
D:3:      makhleb_grotto_becter, overflow_temple_1_default, cheibriados_altar_1,
          uniq_grinder
D:4:      uniq_eustachio, uniq_pikel, uniq_edmund
D:5:      minmay_temple_entry_fiery, first_ration
D:6:      lemuel_upstairs_altar, okawaru_metal_pillars_3, grunt_ministairs_12,
          minmay_lizard_king
D:7:      dancing_weapons_uskayaw, amethyst_overflow_temple_binary, uniq_joseph
D:8:      serial_shops, nicolae_shop_statue_plus
D:9:      kennysheep_mini_moat, lair_entry_dummy
D:10:     serial_shops, nicolae_shop_trees
D:11:     serial_shops, nicolae_shop_trees, shop_fountains,
          nicolae_shop_waterfront, nicolae_qazlal_style_of_elements,
          uniq_gastronok
D:12:     orc_0_dummy, special_room, hangedman_decor_opposing, uniq_erolcha
D:13:     david_vaults_4, basic_altar, ebering_ghost_reflecting_pool,
          blue_anna_alchemist
Temple:   eino_temple_water
Lair:1:   grunt_megastairs_5, infiniplex_staircase_pool_2, serial_bayou_shore_b
Lair:2:   minmay_shoals_entry_lonely_mermaid, ebering_ghost_disaster_area,
          kennysheep_abandoned_house, lemuel_fruit_tree
Lair:3:   beast_lair_carwin_2, minmay_lair_oklob_chamber, lemuel_fruit_fields,
          serial_bayou_shore_b, grunt_megastairs_4
Lair:4:   spider_nest_entry_rubble, basic_altar, serial_bayou_pond_c
Lair:5:   slime_altar_1, minmay_another_anthill

Skill      XL: |  1  2  3  4  5  6  7  8  9 10 11 12 |
---------------+-------------------------------------+-----
Unarmed Combat | 4 5 7 9 10 11 12 | 12.1
Fighting       | 3 4 5 |  5.9
Shields        | 1 4 6 9 |  9.8
Invocations    | 1 5 8 9 |  9.9
Dodging        | |  2.4
Stealth        | |  1.0

Action                   |  1- 3 |  4- 6 |  7- 9 | 10-12 || total
-------------------------+-------+-------+-------+-------++-------
Melee: Unarmed           |   116 |   116 |   356 |   569 ||  1157
       Punch             |       |     1 |     3 |       ||     4
       Quarterstaff      |       |       |       |    10 ||    10
Invok: Greater Healing   |       |       |       |     2 ||     2
       Divine Vigour     |       |       |       |     2 ||     2
  Use: Scroll            |       |       |     7 |    25 ||    32
       Potion            |       |       |       |     1 ||     1
 Stab: Sleeping          |     7 |     1 |     4 |    10 ||    22
       Distracted        |       |       |     1 |     1 ||     2
  Eat: Chunk             |    16 |     9 |    38 |    63 ||   126
Armor: Robe              |    53 |    39 |    74 |    25 ||   191
       Steam dragon scal |       |       |       |    96 ||    96
Dodge: Dodged            |    67 |    59 |    73 |   108 ||   307
Block: Large shield      |       |       |   146 |   403 ||   549

Table legend:
 A = Spawn XP
 B = Non-spawn XP
 C = Spawn XP percentage of total XP
 D = Spawn monster count
 E = Non-spawn monster count
 F = Spawn count percentage of total count
 G = Total turns spent on level
                    A         B        C        D         E        F      G
               +---------+---------+-------+---------+---------+-------+---------
         Total |       0 |   28380 |   0.0 |       0 |     350 |   0.0 | 12009
               +---------+---------+-------+---------+---------+-------+---------
           D:1 |       0 |      61 |   0.0 |       0 |      31 |   0.0 |   742
           D:2 |       0 |     339 |   0.0 |       0 |      28 |   0.0 |  1093
           D:3 |       0 |     521 |   0.0 |       0 |      34 |   0.0 |   661
           D:4 |       0 |    1236 |   0.0 |       0 |      22 |   0.0 |   717
           D:5 |       0 |     882 |   0.0 |       0 |      26 |   0.0 |   971
           D:6 |       0 |    1297 |   0.0 |       0 |      31 |   0.0 |  1157
           D:7 |       0 |    1294 |   0.0 |       0 |      19 |   0.0 |  1160
           D:8 |       0 |    2552 |   0.0 |       0 |      40 |   0.0 |   734
           D:9 |       0 |    3014 |   0.0 |       0 |      33 |   0.0 |  1369
          D:10 |       0 |    3580 |   0.0 |       0 |      33 |   0.0 |  1102
          D:11 |       0 |    7775 |   0.0 |       0 |      29 |   0.0 |   921
          D:12 |       0 |    1399 |   0.0 |       0 |       5 |   0.0 |   128
          D:13 |       0 |     695 |   0.0 |       0 |       3 |   0.0 |    67
        Lair:1 |       0 |     393 |   0.0 |       0 |       3 |   0.0 |    69
        Lair:2 |       0 |     567 |   0.0 |       0 |       2 |   0.0 |    87
        Lair:3 |       0 |     865 |   0.0 |       0 |       5 |   0.0 |   260
        Lair:4 |       0 |    1283 |   0.0 |       0 |       4 |   0.0 |   421
        Lair:5 |       0 |     627 |   0.0 |       0 |       2 |   0.0 |   103
               +---------+---------+-------+---------+---------+-------+---------
